AoeStats
← |GaoeG| flamingo

Arabia

509714386Analyzed
3v3 RM · 4d ago on Sep 27, 2026· 50m 15s· 6 players
Game mode
Random Map
Map size
Normal (6 player)
Population
200
Speed
Normal
Resources
Standard
Victory
Conquest
Starting age
Dark Age
Ending age
Imperial Age
RankedLock teamsTeams togetherTeam positionsShared explorationLock speedFull tech treeHidden civsTurbo modeCheats
Victory
Defeat
🇦🇷 Tupi · Argentina
1107
+16
🇦🇷 Varangians · Argentina
1107
+16
🇦🇷 Japanese · Argentina
1028
+20
🇪🇸 Mongols · Spain
1324
-25
🇪🇸 Vietnamese · Spain
1200
-21
🇪🇸 Franks · Spain
809
-6
EZEKIEL_2517
6:32 Loom
8:55 Feudal Age
9:29 Double-Bit Axe
11:45 Champi Runner
12:45 Scale Mail Armor
20:50 Castle Age
20:15 Fletching
27:19 Padded Archer Armor
27:18 Horse Collar
28:08 Bodkin Arrow
29:17 Leather Archer Armor
31:07 Wheelbarrow
34:27 Bow Saw
38:32 Hand Cart
42:20 Imperial Age
41:01 Caciques
41:41 Town Watch
43:21 Bracer
44:30 Conscription
45:56 Chemistry
46:31 Ring Archer Armor
48:23 Forging
48:28 Chain Mail Armor
48:45 Curare
50:04 Ballistics
Challwaq
3:07 Loom
10:56 Feudal Age
19:31 Man-at-Arms
23:36 Double-Bit Axe
25:33 Horse Collar
33:44 Castle Age
34:04 Gold Mining
35:05 Crossbowman
36:46 Fletching
41:36 Imperial Age
39:54 Pikeman
40:35 Squires
40:21 Arson
40:22 Gambesons
40:42 Scale Mail Armor
40:54 Forging
42:24 Onager
44:21 Chain Mail Armor
44:42 Iron Casting
Moralelastic
6:30 Loom
9:09 Feudal Age
9:55 Double-Bit Axe
10:51 Bloodlines
16:57 Forging
22:32 Castle Age
20:42 Horse Collar
21:45 Wheelbarrow
21:40 Scale Barding Armor
23:10 Gold Mining
22:51 Light Cavalry
23:31 Husbandry
24:32 Chain Barding Armor
25:58 Wheelbarrow
26:24 Town Watch
28:41 Iron Casting
28:45 Bow Saw
29:41 Hand Cart
29:24 Fletching
32:34 Bodkin Arrow
34:34 Ballistics
38:12 Imperial Age
36:30 Padded Archer Armor
37:14 Stone Mining
37:47 Leather Archer Armor
38:24 Cranequins
39:13 Bracer
39:22 Heavy Mounted Crossbowman
41:08 Conscription
42:27 Stone Shaft Mining
44:20 Ring Archer Armor
46:53 Chemistry
|GaoeG| flamingo
6:54 Loom
9:11 Feudal Age
10:13 Double-Bit Axe
16:28 Fletching
18:06 Wheelbarrow
20:17 Town Watch
23:57 Castle Age
24:05 Bloodlines
23:39 Horse Collar
23:54 Gold Mining
24:42 Padded Archer Armor
24:37 Bodkin Arrow
26:20 Bow Saw
26:22 Husbandry
28:17 Thumb Ring
33:40 Hand Cart
35:01 Heavy Plow
45:14 Imperial Age
44:57 Town Patrol
45:00 Stone Mining
46:24 Cavalier
47:15 Scale Barding Armor
48:36 Chain Barding Armor
50:07 Plate Barding Armor
claran33
11:08 Feudal Age
14:13 Loom
20:31 Gold Mining
21:25 Double-Bit Axe
25:51 Castle Age
29:45 Stone Mining
30:19 Pikeman
31:22 Scale Mail Armor
33:25 Bow Saw
34:54 Gold Shaft Mining
36:12 Scale Barding Armor
36:18 Forging
39:31 Iron Casting
42:14 Chain Barding Armor
42:30 Iron Casting
49:46 Imperial Age
JITANOmaleant7
5:42 Loom
9:11 Feudal Age
10:15 Man-at-Arms
19:50 Castle Age
18:16 Double-Bit Axe
19:44 Horse Collar
20:42 Wheelbarrow
20:00 Gold Mining
22:33 Bloodlines
24:51 Forging
33:16 Bow Saw
35:54 Fletching
36:07 Husbandry
35:28 Light Cavalry
39:31 Imperial Age
36:58 Bodkin Arrow
37:06 Padded Archer Armor
39:54 Scale Barding Armor
40:16 Bracer
39:54 Hussar
42:11 Chemistry
41:32 Ballistics
43:50 Parthian Tactics
44:40 Thumb Ring
47:16 Thumb Ring
50:31 Conscription
Connection lost

Rejoining the realm…

Still unreachable

The connection could not be restored.

Session expired

The server has moved on; the page needs a fresh start.